 Dungeon Crawl Stone Soup version 0.32-a0-913-g739538afd8 (webtiles) character file.

Game seed: 6632983156525568682

291 HilariousDeathArtist the Shooter (level 6, -3/43 HPs)
             Began as a Coglin Hexslinger on Apr 9, 2024.
             Slain by Crazy Yiuf
             ... wielding a +3 quarterstaff of chaos
              (7 damage)
             ... on level 2 of the Dungeon.
             The game lasted 00:01:37 (1508 turns).

HilariousDeathArtist the Shooter (CoHs)             Turns: 1508, Time: 00:01:37

Health: -3/43      AC: 11    Str:  8    XL:     6   Next: 32%
Magic:  0/7        EV:  7    Int: 13    God:
Gold:   76         SH:  0    Dex: 18    Spells: 7/7 levels left

rFire   . . .        a - +1 sling {Caihong}
rCold   + . .        i - +0 sling {Guillermo}
rNeg    . . .        o - +3 scale mail {rC+}
rPois   .            k - +0 helmet
rElec   .            g - +0 cloak
rCorr   .            (no gloves)
SInv    .            (no boots)
Will    .....        (amulet unavailable) Stlth
                     (ring unavailable)
HPRegen 0.27/turn    (ring unavailable)
MPRegen 0.10/turn    (no gizmo)

%: no passive effects
@: mighty, lethally poisoned (-3 -> -15), revving
A: off-hand wielding, slow wielding, warmup strikes, no jewellery
a: Invent Gizmo


You were on level 2 of the Dungeon.
You visited 1 branch of the dungeon, and saw 2 of its levels.

You collected 76 gold pieces.

Inventory:

Hand Weapons
 a - a +1 sling (weapon) {Caihong}
 i - a +0 sling (offhand) {Guillermo}
   (You found it on level 1 of the Dungeon)
 l - a +2 dagger of holy wrath
   (You took it off a goblin on level 2 of the Dungeon)
Missiles
 d - 3 curare-tipped darts
 f - 3 poisoned darts
 s - 22 stones
Armour
 c - a +0 robe
 g - a +0 cloak (worn)
   (You found it on level 1 of the Dungeon)
 k - a +0 helmet (worn)
   (You took it off Robin on level 2 of the Dungeon)
 o - a +3 scale mail of cold resistance (worn)
   (You took it off Terence on level 2 of the Dungeon)
Scrolls
 b - a scroll of poison {!r}
 e - a scroll of revelation {unknown}
 h - a scroll of silence {unknown}
 m - a scroll of fog {unknown}
 q - 2 scrolls of identify {unknown}
 u - a scroll of blinking {unknown}
Potions
 j - a potion of curing {unknown}
 p - a potion of heal wounds {unknown}
 t - a potion of invisibility {unknown}


   Skills:
 - Level 1.0 Fighting
 + Level 5.9 Ranged Weapons
 - Level 1.7 Dodging
 - Level 1.0 Spellcasting
 - Level 2.6 Hexes
 - Level 0.8 Fire Magic


You had 7 spell levels left.
You didn't know any spells.
Your spell library contained the following spells:

 Spells                   Type           Power      Damage    Failure   Level
 Jinxbite                 Hex            14%        N/A       82%         2
 Sigil of Binding         Hex            7%         N/A       96%         3
 Inner Flame              Hex/Fire       5%         N/A       99%         3
 Cause Fear               Hex            3%         N/A       100%        4
 Dimensional Bullseye     Hex/Tloc       2%         N/A       100%        4


Dungeon Overview and Level Annotations

Branches:
Dungeon (2/15)

Altars:

Annotations:
D:2 Crazy Yiuf


Innate Abilities, Weirdness & Mutations

You can wield a second weapon in your off-hand.
It takes a long time for you to wield or remove held weapons.
Your first few attacks do less damage.
You cannot equip rings or amulets.


Message History

The sling bullet closely misses Sigmund.
You shoot a sling bullet. The sling bullet hits Sigmund.
Sigmund hits you from afar with a +0 scythe.
You take 1 damage, and have 36/37 hp.
You shoot a sling bullet. The sling bullet barely misses Sigmund.
You shoot a sling bullet. The sling bullet barely misses Sigmund.
Sigmund casts a spell at you. You resist with some effort.
You shoot a sling bullet.
The sling bullet completely misses Sigmund.
You shoot a sling bullet. The sling bullet hits Sigmund.
Sigmund hits you but does no damage.
You shoot a sling bullet.
The sling bullet closely misses Sigmund.
You shoot a sling bullet. The sling bullet hits Sigmund.
Sigmund completely misses you.
You shoot a sling bullet. The sling bullet barely misses Sigmund.
You shoot a sling bullet. The sling bullet barely misses Sigmund.
Sigmund barely misses you.
You shoot a sling bullet. The sling bullet hits Sigmund!
You shoot a sling bullet.
The sling bullet hits Sigmund but does no damage.
Sigmund says, "Now you see me, now you don't..."
Sigmund casts a spell at you.
The puff of flame hits you but does no damage.
Sigmund hits you from afar with a +0 scythe!
You shoot a sling bullet. The sling bullet hits Sigmund.
You shoot a sling bullet. The sling bullet barely misses Sigmund.
Sigmund barely misses you.
Unknown command.
You take 5 damage, and have 31/37 hp.
You shoot a sling bullet. The sling bullet hits Sigmund.
You kill Sigmund!
You shoot a sling bullet.
Your Ranged Weapons skill increases to level 5!
You have reached level 6!
You regained 5 hp, and now have 36/43 hp.
MP restored: 7
Things that are here:
a +0 scythe; a +0 robe A quokka comes into view.
Health restored: 43 A quokka is nearby!
A quokka is nearby!
A quokka is nearby!
You shoot a sling bullet. The sling bullet hits the quokka.
You shoot a sling bullet.
The sling bullet closely misses the quokka.
The quokka bites you but does no damage.
You shoot a sling bullet. The sling bullet hits the quokka.
You kill the quokka!
You shoot a sling bullet.
No target in view!
No target in view!
No target in view!
You see here a quokka corpse.
Crazy Yiuf shouts!
Crazy Yiuf yells, "Trifle Hive tortoise!"
Could not explore, unopened runed door.
No reachable target in view!
No reachable target in view!
No reachable target in view!
You open the door. You shoot a sling bullet. The sling bullet hits Crazy Yiuf.
You shoot a sling bullet.
The sling bullet barely misses Crazy Yiuf.
Crazy Yiuf hits you with a +3 quarterstaff of chaos.
You take 6 damage, and have 37/43 hp.
You shoot a sling bullet. The sling bullet hits Crazy Yiuf.
You shoot a sling bullet.
The sling bullet barely misses Crazy Yiuf.
Crazy Yiuf says, "Iron agre seventy!"
Crazy Yiuf hits you with a +3 quarterstaff of chaos.
Crazy Yiuf burns you.
Crazy Yiuf hits you with a +3 quarterstaff of chaos.
Crazy Yiuf burns you.
You shoot a sling bullet.
The sling bullet barely misses Crazy Yiuf.
You shoot a sling bullet. The sling bullet hits Crazy Yiuf.
Crazy Yiuf hits you with a +3 quarterstaff of chaos!
You feel your power leaking away.
You take 18 damage, and have 19/43 hp.
MASSIVE DAMAGE!!
You now have 0/7 mp.
Unknown command.
Okay, then.
As you read the scroll labelled DITWYEM QYUFAU, it crumbles to dust.
You hear a loud clanging noise!
It was a scroll of noise.
Crazy Yiuf hits you with a +3 quarterstaff of chaos!
* * * LOW HITPOINT WARNING * * *
You are lethally poisoned!
You take 11 damage, and have 8/43 hp.
MASSIVE DAMAGE!!
It was a potion of might.
You feel very mighty all of a sudden.
* * * LOW HITPOINT WARNING * * *
You feel very sick.
Crazy Yiuf hits you with a +3 quarterstaff of chaos!
You die...

#.#.#####..#
#.######)##......
#..........# #.#
#<##..####
###....##<## #.#
#)##..# ###..####
### #.##..# #..#
#.##..#### #..#
####.#...#
#..##♣♣ ###
#.#.#.# #...#.♣♣
♣♣#..)# #.#.#.#
#......♣♣♣♣@g...#
####)#.#..
#.......♣..♣#...#
#....#.###
######...#..♣.♣♣♣
### ###....#
........##♣♣♣♣♣
#......#
#######.#
###...## #.######
#....## #......#
###### ########


You could see Crazy Yiuf.

Vanquished Creatures
  Sigmund (D:2)
  Terence (D:2)
  Robin (D:2)
  A gnoll (D:1)
  2 adders (D:2)
  A dart slug (D:1)
  3 ball pythons
  2 bats
  6 endoplasms
  4 giant cockroaches (D:1)
  12 goblins
  5 hobgoblins
  7 kobolds
  A quokka (D:2)
  6 frilled lizards
  4 rats
57 creatures vanquished.

Notes
Turn   | Place    | Note
-------+----------+-------------------------------------------
     0 | D:1      | HilariousDeathArtist the Coglin Hexslinger began the quest
                  | for the Orb.
     0 | D:1      | Reached XP level 1. HP: 15/15 MP: 2/2
    54 | D:1      | Reached skill level 2 in Ranged Weapons
    67 | D:1      | Reached XP level 2. HP: 21/21 MP: 3/3
   343 | D:1      | Reached skill level 3 in Ranged Weapons
   354 | D:1      | Reached XP level 3. HP: 26/26 MP: 4/4
   691 | D:2      | Noticed Robin
   696 | D:2      | Killed Robin
   700 | D:2      | Reached XP level 4. HP: 24/32 MP: 5/5
   702 | D:2      | Reached skill level 4 in Ranged Weapons
   960 | D:2      | Noticed Terence
   974 | D:2      | Killed Terence
   977 | D:2      | Reached XP level 5. HP: 35/37 MP: 6/6
  1265 | D:2      | Found a runed translucent door.
  1266 | D:2      | Noticed Crazy Yiuf
  1353 | D:2      | Noticed Sigmund
  1363 | D:2      | Killed Sigmund
  1364 | D:2      | Reached skill level 5 in Ranged Weapons
  1364 | D:2      | Reached XP level 6. HP: 36/43 MP: 7/7
  1507 | D:2      | HP: 8/43 [Crazy Yiuf/+3 quarterstaff of chaos (11)]
  1508 | D:2      | Slain by Crazy Yiuf

Illustrated notes

Levels and vault maps discovered:
D:1:      saegor_arrival_simple_a, layout_basic, nicolae_the_louvre
D:2:      layout_loops_ring, uniq_terence, uniq_sigmund, uniq_robin,
          uniq_crazy_yiuf_cottage

Skill      XL: |  1  2  3  4  5 |
---------------+----------------+-----
Ranged Weapons | 2 3 4 5 |  5.9
Fighting       | |  1.0
Dodging        | |  1.7
Spellcasting   | |  1.0
Hexes          | |  2.6
Fire Magic     | |  0.8

Action                     |  1- 3 |  4- 6 || total
---------------------------+-------+-------++-------
   Fire: Sling             |   118 |   108 ||   226
    Use: Scroll            |       |     1 ||     1
         Potion            |       |     1 ||     1
 Armour: Robe              |    13 |    14 ||    27
         Scale mail        |       |    13 ||    13
  Dodge: Dodged            |    13 |    12 ||    25

Table legend: (Time is in decaauts)
 A = Elapsed time spent in this place.
 B = Non-inter-level travel time spent in this place.
 C = Inter-level travel time spent in this place.
 D = Time resting spent in this place.
 E = Time spent auto-exploring this place.
 F = Levels seen in this place.
 G = Mean time per level.
                   A        B        C        D        E       F      G
               +--------+--------+--------+--------+--------+-----+--------+
         Total |   1540 |   1504 |     36 |      0 |   1233 |   2 |  770.0 |
       Dungeon |   1540 |   1504 |     36 |      0 |   1233 |   2 |  770.0 |
               +--------+--------+--------+--------+--------+-----+--------+

Top non-repeatable levels by time:
     D:2: 838 daAuts
     D:1: 702 daAuts

Levels and vault maps discovered:
D:1:      saegor_arrival_simple_a, layout_basic, nicolae_the_louvre
D:2:      layout_loops_ring, uniq_terence, uniq_sigmund, uniq_robin,
          uniq_crazy_yiuf_cottage

Table legend: (Time is in decaauts)
 A = Elapsed time spent in this place.
 B = Non-inter-level travel time spent in this place.
 C = Inter-level travel time spent in this place.
 D = Time resting spent in this place.
 E = Time spent auto-exploring this place.
 F = Levels seen in this place.
 G = Mean time per level.
                   A        B        C        D        E       F      G
               +--------+--------+--------+--------+--------+-----+--------+
         Total |   1540 |   1504 |     36 |      0 |   1233 |   2 |  770.0 |
       Dungeon |   1540 |   1504 |     36 |      0 |   1233 |   2 |  770.0 |
               +--------+--------+--------+--------+--------+-----+--------+

Top non-repeatable levels by time:
     D:2: 838 daAuts
     D:1: 702 daAuts

Table legend:
 A = Kills in this place as a percentage of kills in the entire game.
 B = Kills by you in this place as a percentage of kills by you in the entire game.
 C = Kills by friends in this place as a percentage of kills by friends in the entire game.
 D = Other kills in this place as a percentage of other kills in the entire game.
 E = Experience gained in this place as a percentage of experience gained in the entire game.
 F = Experience gained in this place divided by the number of levels of this place that you have seen.
                   A       B       C       D       E      F
               +-------+-------+-------+-------+-------+----------------------
         Total | 100.0 | 100.0 |   N/A |   N/A | 100.0 | 208.0
       Dungeon | 100.0 | 100.0 |   N/A |   N/A | 100.0 | 208.0
               +-------+-------+-------+-------+-------+----------------------
